 Dungeon Crawl Stone Soup version 0.29-a0-322-g68df515428 (webtiles) character file.

Game seed: 13218096266380445342

399 spaghetti the Caller (level 6, 0/44 HPs)
             Began as a Gnoll Summoner on Apr 7, 2022.
             Slain by an ogre
             ... wielding a +0 giant club
              (27 damage)
             ... on level 4 of the Dungeon.
             The game lasted 00:07:31 (4665 turns).

spaghetti the Caller (Gnoll Summoner)               Turns: 4665, Time: 00:07:32

Health: 0/44       AC:  7    Str:  7    XL:     6   Next: 84%
Magic:  14/14      EV: 13    Int: 16    God:
Gold:   72         SH:  0    Dex: 13    Spells: 5/15 levels left

rFire   . . .      SeeInvis .   y - +3 short sword {short}
rCold   . . .      Faith    .   (no shield)
rNeg    . . .      Spirit   .   a - +0 robe
rPois   .          Reflect  .   (no helmet)
rElec   .          Harm     .   D - +2 cloak {Will+}
rCorr   .          Rampage  .   n - +1 pair of gloves
Will    +....                   (no boots)
Stlth   +++.......              w - amulet of regeneration {@e2}
HPRegen 0.94/turn               (no ring)
MPRegen 0.14/turn               (no ring)

@: no status effects
A: fangs 1, strong nose, distributed training
a: no special abilities


You were on level 4 of the Dungeon.
You visited 1 branch of the dungeon, and saw 4 of its levels.

You collected 72 gold pieces.


Innate Abilities, Weirdness & Mutations

You have very sharp teeth.
Your uncanny sense of smell can sniff out nearby items.
Your experience applies equally to all skills.


   Skills:
 + Level 2.1 Fighting
 + Level 2.1 Short Blades
 + Level 2.1 Long Blades
 + Level 2.1 Axes
 + Level 2.1 Maces & Flails
 + Level 2.1 Polearms
 + Level 2.1 Staves
 + Level 2.1 Slings
 + Level 2.1 Bows
 + Level 2.1 Crossbows
 + Level 2.1 Throwing
 + Level 2.1 Armour
 + Level 5.0 Dodging
 + Level 4.7 Stealth
 + Level 2.1 Shields
 + Level 2.1 Unarmed Combat
 + Level 5.4 Spellcasting
 + Level 1.7 Conjurations
 + Level 1.7 Hexes
 + Level 7.3 Summonings
 + Level 1.7 Necromancy
 + Level 1.7 Translocations
 + Level 1.7 Transmutations
 + Level 1.7 Fire Magic
 + Level 1.7 Ice Magic
 + Level 1.7 Air Magic
 + Level 1.7 Earth Magic
 + Level 1.7 Poison Magic
 + Level 2.3 Invocations
 + Level 2.1 Evocations


You had 5 spell levels left.
You knew the following spells:

 Your Spells              Type           Power      Damage    Failure   Level
a - Summon Small Mammal   Summ           100%       N/A       1%          1
b - Call Canine Familiar  Summ           27%        N/A       2%          3
c - Call Imp              Summ           27%        N/A       1%          2
d - Summon Lightning Spi  Summ/Air       18%        N/A       22%         4

Your spell library contained the following spells:

 Spells                   Type           Power      Damage    Failure   Level
 Summon Guardian Golem    Hex/Summ       18%        N/A       7%          3
 Ensorcelled Hibernation  Hex/Ice        18%        N/A       11%         2
 Passwall                 Tmut/Erth      7%         N/A       11%         2
 Swiftness                Air            9%         N/A       22%         3

Inventory:

Hand Weapons
 f - a +0 spear {polearm}
   (You found it on level 1 of the Dungeon)
 l - a +0 club {mace}
   (You took it off a goblin on level 1 of the Dungeon)
 q - a +0 whip {mace}
   (You found it on level 2 of the Dungeon)
 s - a +0 short sword {short}
   (You took it off Terence on level 2 of the Dungeon)
 v - a +2 antimagic hand axe {axe}
   (You took it off an orc on level 2 of the Dungeon)
 y - a +3 short sword (weapon) {short}
   (You took it off a kobold on level 3 of the Dungeon)
 C - a +2 quarterstaff of chaos {staff}
   (You took it off Crazy Yiuf on level 3 of the Dungeon)
Missiles
 d - 125 stones (quivered) {throwing}
 k - 8 poisoned darts {throwing}
Armour
 a - a +0 robe (worn)
 n - a +1 pair of gloves (worn)
   (You found it on level 2 of the Dungeon)
 D - a +2 cloak of willpower (worn)
   (You took it off Crazy Yiuf on level 3 of the Dungeon)
Jewellery
 w - an amulet of regeneration (around neck) {@e2}
   (You found it on level 3 of the Dungeon)
Wands
 B - a wand of digging (1)
   (You found it on level 3 of the Dungeon)
Scrolls
 c - a scroll of vulnerability {unknown}
 e - 2 scrolls of brand weapon {unknown}
 i - a scroll of immolation {unknown}
 j - a scroll of noise {unknown}
 m - a scroll of amnesia {unknown}
 o - 4 scrolls of identify {unknown}
 A - a scroll of teleportation {unknown}
 E - a scroll of fog {unknown}
Potions
 b - a potion of magic
 g - a potion of cancellation {unknown}
 h - 4 potions of heal wounds {unknown}
 p - 2 potions of curing {unknown}
 r - a potion of might
 t - a potion of brilliance {unknown}
 u - a potion of mutation {unknown}
 x - a potion of lignification {unknown}
 z - 2 potions of flight {unknown}

Dungeon Overview and Level Annotations

Branches:
Dungeon (4/15)
 Temple: D:4-7

Altars:
Gozag
Yredelemnul
Zin
The Shining One

...........# #.
$........<.##..
..............
(...........# .#
............# .##
..(....!...# ...#
...((......# #..##
####O@...#
#...#####.....####
#......#..#..##
#.#.##)..#..##
#.#...)....##
#.#.)####......
#.#..# #.####.
###.#..# #..
.#......# ##.#


You could see an ogre.


Message History

The stone {throwing} hits the orc but does no damage.
An orc comes into view. It is wielding a +0 hand axe.
You throw a stone {throwing}. The orc shouts!
The stone {throwing} hits the orc.
An orc comes into view. It is wielding a +0 club.
You throw a stone {throwing}. The orc shouts!
The stone {throwing} hits the orc but does no damage.
You throw a stone {throwing}.
The stone {throwing} hits the orc but does no damage.
You throw a stone {throwing}. The stone {throwing} hits the orc.
You hit the orc. The orc hits you but does no damage.
You barely miss the orc. Your bite misses the orc. The orc misses you.
You hit the orc.
You kill the orc!
The orc closely misses you.
You hit the orc but do no damage. The orc misses you.
The orc closely misses you.
You hit the orc. The orc barely misses you. The orc misses you.
You closely miss the orc. The orc barely misses you.
The orc hits you but does no damage.
You closely miss the orc. The orc hits you but does no damage.
The orc closely misses you.
You closely miss the orc. The orc barely misses you.
The orc hits you but does no damage.
You puncture the orc!
You kill the orc!
The orc misses you.
You completely miss the orc. You bite the orc, but do no damage.
The orc closely misses you.
You hit the orc. The orc barely misses you.
You puncture the orc!
You kill the orc!
No target in view!
No target in view!
No target in view!
No target in view!
No target in view!
No target in view!
No target in view!
No target in view!
d - 124 stones {throwing} (gained 1)
Items here: )) [[ †.
Things that are here:
a +0 hand axe {axe}; a +0 leather armour
d - 125 stones {throwing} (gained 1)
d - 127 stones {throwing} (gained 2)
d - 129 stones {throwing} (gained 2)
d - 130 stones {throwing} (gained 1)
A ball python comes into view.
Found a fizzy dark potion.
Found a stone staircase leading up.
You see here a stone {throwing}.
A ball python is nearby!
A ball python is nearby!
You throw a stone {throwing}.
The stone {throwing} barely misses the ball python.
The ball python hisses angrily.
You hit the ball python.
You kill the ball python!
No target in view!
No target in view!
No target in view!
No target in view!
No target in view!
No target in view!
No target in view!
No target in view!
No target in view!
No target in view!
No target in view!
No target in view!
No target in view!
d - 130 stones {throwing} (gained 1)
An ogre comes into view. It is wielding a +0 giant club.
An ogre is nearby!
An ogre is nearby!
You throw a stone {throwing}. The ogre shouts!
The stone {throwing} hits the ogre.
You throw a stone {throwing}. The stone {throwing} hits the ogre.
You throw a stone {throwing}.
The stone {throwing} hits the ogre but does no damage.
You throw a stone {throwing}. The stone {throwing} hits the ogre.
You throw a stone {throwing}.
The stone {throwing} barely misses the ogre.
You barely miss the ogre. The ogre misses you.
You hit the ogre. You hit the ogre. The ogre barely misses you.
You hit the ogre.
The ogre hits you with a +0 giant club!! 😮 HP[-19]
You take 19 damage, and now have 25/44 hp.
MASSIVE DAMAGE!! (PAUSE)
You hit the ogre. 😮 HP[+1]
You completely miss the ogre.
The ogre hits you with a +0 giant club!!
Ouch! That really hurt!
You die...

Skill      XL: |  1  2  3  4  5 |
---------------+----------------+-----
Spellcasting   | 5 |  5.4
Invocations    | 1 2 |  2.3
Fighting       | 1 2 |  2.1
Short Blades   | 1 2 |  2.1
Long Blades    | 1 2 |  2.1
Axes           | 1 2 |  2.1
Maces & Flails | 1 2 |  2.1
Polearms       | 1 2 |  2.1
Staves         | 1 2 |  2.1
Slings         | 1 2 |  2.1
Bows           | 1 2 |  2.1
Crossbows      | 1 2 |  2.1
Throwing       | 1 2 |  2.1
Armour         | 1 2 |  2.1
Shields        | 1 2 |  2.1
Unarmed Combat | 1 2 |  2.1
Evocations     | 1 2 |  2.1
Conjurations   | 1 |  1.7
Hexes          | 1 |  1.7
Necromancy     | 1 |  1.7
Translocations | 1 |  1.7
Transmutations | 1 |  1.7
Fire Magic     | 1 |  1.7
Ice Magic      | 1 |  1.7
Air Magic      | 1 |  1.7
Earth Magic    | 1 |  1.7
Poison Magic   | 1 |  1.7
Dodging        | 5 |  5.0
Stealth        | |  4.7
Summonings     | |  7.3

Action                   |  1- 3 |  4- 6 || total
-------------------------+-------+-------++-------
Melee: Unarmed           |    73 |       ||    73
       Bite              |     8 |     7 ||    15
       Punch             |     2 |       ||     2
       Short sword       |       |    97 ||    97
Throw: Stone             |       |    31 ||    31
 Cast: Summon Small Mamm |    43 |    18 ||    61
       Call Canine Famil |     4 |    12 ||    16
       Summon Lightning  |       |     6 ||     6
  Use: Potion            |       |     1 ||     1
 Stab: Sleeping          |     3 |     3 ||     6
       Distracted        |       |     1 ||     1
Armor: Robe              |    22 |    26 ||    48
Dodge: Dodged            |    66 |    81 ||   147

Levels and vault maps discovered:
D:1:      ldierk_walled_garden, layout_basic
D:2:      layout_basic, uniq_terence
D:3:      layout_rooms, pdpol_temple_overflow_zin_treasury_gozag_greed,
          mainiacjoe_overflow_tiny_flanked, marbit_many_paths,
          uniq_crazy_yiuf_cottage
D:4:      layout_rooms, grunt_temple_overflow_bloody_war, uniq_robin,
          uniq_pargi, uniq_grinder

Notes
Turn   | Place    | Note
-------+----------+-------------------------------------------
     0 | D:1      | spaghetti the Gnoll Summoner began the quest for the Orb.
     0 | D:1      | Reached XP level 1. HP: 13/13 MP: 6/6
     0 | D:1      | magus.rc [v1.9.6]
   444 | D:1      | Reached XP level 2. HP: 12/19 MP: 4/7
  1814 | D:2      | Reached XP level 3. HP: 25/25 MP: 6/9
  1819 | D:2      | Reached skill level 5 in Spellcasting
  1826 | D:2      | Learned a level 3 spell: Call Canine Familiar
  1994 | D:2      | Reached skill level 1 in Invocations
  2057 | D:2      | Noticed Terence
  2082 | D:2      | Killed Terence
  2083 | D:2      | Reached skill level 1 in Fighting
  2083 | D:2      | Reached skill level 1 in Short Blades
  2083 | D:2      | Reached skill level 1 in Long Blades
  2083 | D:2      | Reached skill level 1 in Axes
  2083 | D:2      | Reached skill level 1 in Maces & Flails
  2083 | D:2      | Reached skill level 1 in Polearms
  2083 | D:2      | Reached skill level 1 in Staves
  2083 | D:2      | Reached skill level 1 in Slings
  2083 | D:2      | Reached skill level 1 in Bows
  2083 | D:2      | Reached skill level 1 in Crossbows
  2083 | D:2      | Reached skill level 1 in Throwing
  2083 | D:2      | Reached skill level 1 in Armour
  2083 | D:2      | Reached skill level 1 in Shields
  2083 | D:2      | Reached skill level 1 in Unarmed Combat
  2083 | D:2      | Reached skill level 1 in Evocations
  2083 | D:2      | Reached XP level 4. HP: 17/32 MP: 2/11
  2233 | D:2      | Learned a level 2 spell: Call Imp
  2363 | D:2      | Learned a level 4 spell: Summon Lightning Spire
  2391 | D:2      | Reached skill level 1 in Conjurations
  2391 | D:2      | Reached skill level 1 in Hexes
  2391 | D:2      | Reached skill level 1 in Necromancy
  2391 | D:2      | Reached skill level 1 in Translocations
  2391 | D:2      | Reached skill level 1 in Transmutations
  2391 | D:2      | Reached skill level 1 in Fire Magic
  2391 | D:2      | Reached skill level 1 in Ice Magic
  2391 | D:2      | Reached skill level 1 in Air Magic
  2391 | D:2      | Reached skill level 1 in Earth Magic
  2391 | D:2      | Reached skill level 1 in Poison Magic
  3171 | D:2      | HP: 8/32 [orc/+0 hand axe (1)]
  3173 | D:2      | HP: 3/32 [orc/+0 hand axe (5)]
  3575 | D:3      | Reached XP level 5. HP: 37/37 MP: 7/12
  3838 | D:3      | You pick up a book of Burglary and begin reading...
  3838 | D:3      | You add the spells Passwall, Ensorcelled Hibernation and
                  | Swiftness to your library.
  3930 | D:3      | Found a basalt altar of Yredelemnul.
  4082 | D:3      | Found a glowing silver altar of Zin.
  4106 | D:3      | Found an opulent altar of Gozag.
  4161 | D:3      | Found a runed translucent door.
  4162 | D:3      | Noticed Crazy Yiuf
  4264 | D:3      | Found a glowing golden altar of the Shining One.
  4354 | D:3      | HP: 7/37 [Crazy Yiuf/+2 quarterstaff of chaos (10)]
  4355 | D:3      | Killed Crazy Yiuf
  4472 | D:4      | Noticed Grinder
  4474 | D:4      | Paralysed by Grinder for 2 turns
  4489 | D:4      | Paralysed by Grinder for 7 turns
  4512 | D:4      | Killed Grinder
  4513 | D:4      | Reached skill level 2 in Fighting
  4513 | D:4      | Reached skill level 2 in Short Blades
  4513 | D:4      | Reached skill level 2 in Long Blades
  4513 | D:4      | Reached skill level 2 in Axes
  4513 | D:4      | Reached skill level 2 in Maces & Flails
  4513 | D:4      | Reached skill level 2 in Polearms
  4513 | D:4      | Reached skill level 2 in Staves
  4513 | D:4      | Reached skill level 2 in Slings
  4513 | D:4      | Reached skill level 2 in Bows
  4513 | D:4      | Reached skill level 2 in Crossbows
  4513 | D:4      | Reached skill level 2 in Throwing
  4513 | D:4      | Reached skill level 2 in Armour
  4513 | D:4      | Reached skill level 5 in Dodging
  4513 | D:4      | Reached skill level 2 in Shields
  4513 | D:4      | Reached skill level 2 in Unarmed Combat
  4513 | D:4      | Reached skill level 2 in Invocations
  4513 | D:4      | Reached skill level 2 in Evocations
  4513 | D:4      | Reached XP level 6. HP: 44/44 MP: 3/14
  4665 | D:4      | Slain by an ogre

Vanquished Creatures
  Crazy Yiuf (D:3)
  5 adders
  2 dart slugs
  4 orcs (D:4)
  4 ball pythons
  3 endoplasms
  5 goblins
  3 hobgoblins
  A jackal (D:2)
  A quokka (D:2)
  A kobold (D:3)
  2 rats
32 creatures vanquished.

Vanquished Creatures (collateral kills)
  Grinder (D:4)
  Terence (D:2)
  2 adders (D:2)
  A worm (D:3)
  A dart slug (D:2)
  5 orcs
  4 ball pythons
  A bat (D:3)
  2 endoplasms
  A giant cockroach (D:3)
  4 hobgoblins
  8 jackals
  2 kobolds
  3 quokkas
  2 frilled lizards
  A goblin (D:2)
  5 rats
44 creatures vanquished.

Vanquished Creatures (others)
  5 toadstools (D:1)
5 creatures vanquished.

Grand Total: 81 creatures vanquished

Table legend:
 A = Non-vault XP
 B = Vault XP
 C = Vault XP percentage of total XP
 D = Non-vault monster count
 E = Vault monster count
 F = Vault count percentage of total count
                 A         B        C        D         E       F
            +---------+---------+-------+---------+---------+-------
      Total |     224 |     346 |  60.7 |      72 |       4 |   5.3
            +---------+---------+-------+---------+---------+-------
        D:1 |      23 |       0 |   0.0 |      13 |       0 |   0.0
        D:2 |     102 |      36 |  26.1 |      29 |       1 |   3.3
        D:3 |      84 |      43 |  33.9 |      24 |       2 |   7.7
        D:4 |      15 |     267 |  94.7 |       6 |       1 |  14.3
            +---------+---------+-------+---------+---------+-------

Illustrated notes

Table legend:
 A = Kills in this place as a percentage of kills in entire the game.
 B = Kills by you in this place as a percentage of kills by you in the entire game.
 C = Kills by friends in this place as a percentage of kills by friends in the entire game.
 D = Other kills in this place as a percentage of other kills in the entire game.
 E = Experience gained in this place as a percentage of experience gained in the entire game.
 F = Experience gained in this place divided by the number of levels of this place that you have seen.
                   A       B       C       D       E      F
               +-------+-------+-------+-------+-------+----------------------
         Total | 100.0 | 100.0 | 100.0 |   N/A | 100.0 | 142.5
       Dungeon | 100.0 | 100.0 | 100.0 |   N/A | 100.0 | 142.5
               +-------+-------+-------+-------+-------+----------------------

Table legend: (Time is in decaauts)
 A = Elapsed time spent in this place.
 B = Non-inter-level travel time spent in this place.
 C = Inter-level travel time spent in this place.
 D = Time resting spent in this place.
 E = Time spent auto-exploring this place.
 F = Levels seen in this place.
 G = Mean time per level.
                   A        B        C        D        E       F      G
               +--------+--------+--------+--------+--------+-----+--------+
         Total |   4672 |   4599 |     73 |   1028 |   2913 |   4 | 1168.0 |
       Dungeon |   4672 |   4599 |     73 |   1028 |   2913 |   4 | 1168.0 |
               +--------+--------+--------+--------+--------+-----+--------+

Top non-repeatable levels by time:
     D:2: 1900 daAuts
     D:1: 1657 daAuts
     D:3: 988 daAuts
     D:4: 125 daAuts
